 Dungeon Sprint DCSS version 0.31-a0-702-gf82c85558f (webtiles) character file.

Game seed: 15950112642998337082

15859 fingers the Hoplite (level 12, -3/108 HPs)
             Began as a Formicid Fighter on Sept 8, 2023.
             Was the Champion of the Shining One.
             Slain by a balrug
             ... wielding a +2 demon whip of draining
              (9 damage)
             ... in the Dungeon (Sprint V: "Ziggurat Sprint").
             The game lasted 00:07:10 (1391 turns).

fingers the Hoplite (Formicid Fighter)              Turns: 1391, Time: 00:07:10

Health: -3/108     AC: 27    Str: 33    XL:     12   Next: 62%
Magic:  11/16      EV:  8    Int:  9    God:    the Shining One [******]
Gold:   0          SH: 34    Dex: 13    Spells: 11/11 levels left

rFire   + . .        U - +10 zealot's sword {holy, Zealotry, *Rage rN+ EV+3}
rCold   + . .        B - +18 shield of the Gong {Loud rN+ Will+ rCorr EV-5}
rNeg    + + +        A - +15 Maxwell's patent armour {-Cast -Tele rElec Will+ rCorr}
rPois   +            (helmet unavailable)
rElec   +            (no cloak)
rCorr   +            (no gloves)
SInv    +            (no boots)
Will    +++..        (no amulet)
Stlth   x              - +6 ring of strength
HPRegen 0.38/turn    y - +6 ring of strength
MPRegen 0.15/turn

%: no spellcasting
@: on fire, resistant, weakened, glowing, studying Polearms
A: permanent stasis, dig shafts and tunnels, antennae 3, four strong arms,
deformed body, low MP 1, screaming 1, weak 2
a: Dig, Renounce Religion, Divine Shield, Cleansing Flame, Summon Divine Warrior


You were in the Dungeon.
You worshipped the Shining One.
The Shining One was exalted by your worship.
You visited 1 branch

Inventory:

Hand Weapons
 a - a +0 long sword
 C - the +11 Singing Sword {sonic wave}
   (You found it in the Dungeon)
 D - the +11 plutonium sword {Contam Stlth-}
   (You found it in the Dungeon)

   Contam:    It causes magical contamination when unequipped.
   Stlth-:    It makes you less stealthy.
 E - the +9 sword of Power {lifebolt}
   (You found it in the Dungeon)
 F - a +7 triple sword of holy wrath
 R - the +10 morningstar "Eos" {elec, Halo rElec}
   (You found it in the Dungeon)

   Halo:      It grants its wielder a halo, revealing invisible creatures and
   increasing accuracy against all within it other than the wielder.
   rElec:     It insulates you from electricity.
 U - the +10 zealot's sword (weapon) {holy, Zealotry, *Rage rN+ EV+3}
   (You found it in the Dungeon)

   Zealotry:  Whenever the wielder enters a berserk rage, their allies are
   berserked alongside them.
   EV+3:      It affects your evasion (+3).
   rN+:       It protects you from negative energy.
   *Rage:     It berserks you when you make melee attacks (+20% chance).
Missiles
 f - a throwing net
Armour
 b - a +0 scale mail
 c - a +0 buckler
 A - the +15 Maxwell's patent armour (worn) {-Cast -Tele rElec Will+ rCorr}
   (You found it in the Dungeon)

   rElec:     It insulates you from electricity.
   Will+:     It increases your willpower.
   -Cast:     It prevents spellcasting.
   -Tele:     It prevents most forms of teleportation.
   rCorr:     It protects you from acid and corrosion.
 B - the +18 shield of the Gong (worn) {Loud rN+ Will+ rCorr EV-5}
   (You found it in the Dungeon)

   Loud:      It is deafeningly noisy when blocking attacks.
   EV-5:      It affects your evasion (-5).
   rN+:       It protects you from negative energy.
   Will+:     It increases your willpower.
   rCorr:     It protects you from acid and corrosion.
 O - a +1 cloak of stealth
Jewellery
 s - a ring of flight
 t - a +6 ring of dexterity
 u - a +6 ring of dexterity
 v - a +6 ring of intelligence
 w - a +6 ring of intelligence
 x - a +6 ring of strength (left hand)
 y - a +6 ring of strength (right hand)
 G - a ring of protection from cold
 J - a ring of wizardry
 K - the ring "Zociduep" {Fly rF+ rCorr Int+2 Dex-5}
   (You found it in the Dungeon)

   [ring of flight]

   Int+2:     It affects your intelligence (+2).
   Dex-5:     It affects your dexterity (-5).
   rF+:       It protects you from fire.
   Fly:       It grants you flight.
   rCorr:     It protects you from acid and corrosion.
 L - an amulet of guardian spirit
 N - the ring of Olauracs {rN+ AC+4 Str+3 Int+4}
   (You found it in the Dungeon)

   [ring of protection]

   AC+4:      It affects your AC (+4).
   Str+3:     It affects your strength (+3).
   Int+4:     It affects your intelligence (+4).
   rN+:       It protects you from negative energy.
 P - a ring of protection from cold
 Q - a ring of protection from cold
 S - a ring of magical power
 V - a ring of magical power
 W - a ring of protection from fire
 Y - a ring of wizardry
Talismans
 z - a beast talisman
 T - a dragon-blood talisman
Wands
 p - a wand of mindburst (14)
 q - a wand of iceblast (7)
 r - a wand of quicksilver (14)
 M - a wand of flame (31)
 X - a wand of paralysis (7)
Scrolls
 l - 4 scrolls of amnesia
 m - 8 scrolls of fog
 n - 5 scrolls of identify
Potions
 d - 6 potions of might
 e - 4 potions of curing
 g - 7 potions of magic
 h - 2 potions of brilliance
 i - 2 potions of invisibility
 j - 3 potions of resistance
 k - a potion of experience
Miscellaneous
 H - a lightning rod (4/4)
 I - a phantom mirror


   Skills:
 + Level 14.9 Fighting
 + Level 13.8 Long Blades
 + Level 15.6 Armour
 + Level 3.0 Dodging
 + Level 1.8 Stealth
 + Level 23.2 Shields
 + Level 8.0 Invocations
 + Level 1.5 Evocations
 + Level 4.2 Shapeshifting


You had 11 spell levels left.
You didn't know any spells.
Your spell library contained the following spells:

 Spells                   Type           Power      Damage    Failure   Level
 Sandblast                Erth           0%         2d4       90%         1
 Sting                    Tmut/Pois      0%         1d3       90%         1
 Ensorcelled Hibernation  Hex/Ice        0%         N/A       97%         2
 Lesser Beckoning         Tloc           0%         N/A       97%         2
 Passwall                 Tmut/Erth      0%         N/A       97%         2
 Static Discharge         Conj/Air       0%         2-2/arc   97%         2
 Gell's Gravitas          Tloc           0%         N/A       99%         3
 Ignite Poison            Fire/Tmut/Pois 0%         N/A       99%         3
 Mephitic Cloud           Conj/Pois/Air  0%         N/A       99%         3
 Stone Arrow              Conj/Erth      0%         3d7       99%         3
 Teleport Other           Tloc           0%         N/A       99%         3
 Volatile Blastmotes      Fire/Tloc      0%         2d10      99%         3
 Airstrike                Air            0%         2d(0-16)  100%        4
 Anguish                  Hex/Necr       0%         N/A       100%        4
 Cause Fear               Hex            0%         N/A       100%        4
 Sticky Flame             Conj/Fire      0%         2d3       100%        4
 Summon Ice Beast         Ice/Summ       0%         N/A       100%        4
 Summon Lightning Spire   Summ/Air       0%         N/A       100%        4
 Alistair's Intoxication  Tmut/Pois      0%         N/A       100%        5
 Lee's Rapid Deconstruct  Erth           0%         3d4*      100%        5
 Conjure Ball Lightning   Conj/Air       0%         3x3d6     100%        6
 Summon Cactus Giant      Summ           0%         N/A       100%        6
 Enfeeble                 Hex            0%         N/A       100%        7
 Malign Gateway           Summ/Tloc      0%         N/A       100%        7
 Spellforged Servitor     Conj/Summ      0%         N/A       100%        7
 Summon Hydra             Summ           0%         N/A       100%        7
 Discord                  Hex            0%         N/A       100%        8
 Disjunction              Tloc           0%         N/A       100%        8
 Ignition                 Fire           0%         3d3       100%        8


Dungeon Overview and Level Annotations

Branches:
Dungeon (1/1)

Altars:
Ashenzari
Cheibriados
Dithmenos
Elyvilon
Fedhas
Gozag
Hepliaklqana
Kikubaaqudgha
Makhleb
Nemelex Xobeh
Okawaru
Qazlal
Ru
Sif Muna
Trog
Uskayaw
Vehumet
Wu Jian
Xom
Yredelemnul
Zin
The Shining One
Jiyva
Lugonu


Innate Abilities, Weirdness & Mutations

You cannot be hasted, slowed, berserked, paralysed or teleported.
You can dig through walls and to a lower floor.
You have a pair of large antennae on your head. (SInv)
Your four strong arms can wield two-handed weapons with a shield.
Armour fits poorly on your strangely shaped body.
Your magical capacity is low. (-10% MP)
You occasionally shout uncontrollably at your foes.
You are very weak. (Str -4)


Message History

* * * LOW HITPOINT WARNING * * *
Your fire giant shimmers and vanishes!
Your daeva calls down the wrath of the Shining One upon the searing wretch.
The searing wretch is smitten.
The Brimstone Fiend calls on the powers of darkness!
Your body is wracked with pain!
* * * LOW HITPOINT WARNING * * *
Your daeva convulses!
The fire giant convulses!
Your daeva blocks the searing wretch's attack.
The searing wretch claws your daeva!
Your daeva's fire resistance is stripped away!
Your daeva blocks the searing wretch's attack.
You slash the balrug!
The balrug convulses!
The balrug is heavily wounded.
You are covered in liquid flames!
* * * LOW HITPOINT WARNING * * *
The balrug gestures at you.
The fireball explodes!
The fireball engulfs you! You resist.
* * * LOW HITPOINT WARNING * * *
The fireball engulfs the Brimstone Fiend.
The Brimstone Fiend completely resists.
The fireball engulfs the balrug.
The balrug completely resists.
You feel better.
You are covered in liquid flames!
* * * LOW HITPOINT WARNING * * *
Your daeva calls down the wrath of the Shining One upon the searing wretch.
The searing wretch is smitten.
The Brimstone Fiend hits you but does no damage.
You block the Brimstone Fiend's attack.
GONNNNG!
You block the Brimstone Fiend's attack.
BONNNG!
Your daeva blocks the searing wretch's attack.
The searing wretch claws your daeva!
Your daeva blocks the searing wretch's attack.
The balrug hits you with a +2 demon whip of draining.
* * * LOW HITPOINT WARNING * * *
You are engulfed in flames!
You resist.
You die...

, ▓▓▓▓▓▓▓▓▓▓▓
▓...=)|h)..2▓...8©8...▓
▓....h......▓...))[...▓
▓...........▓...).[...▓
▓......†....▓.........▓
▓...........▓..)......▓
..▓..An.▓..▓...).....▓
▓.▓12≈▓.▓ ▓...).....▓
▓..▓..@..▓..▓.▓.....▓.▓
▓.....©.....▓....©....▓
▓▓▓▓▓▓▓▓▓▓▓▓▓▓▓▓▓▓▓▓▓▓▓
▓...8©8...▓...8©8...▓..
▓..)..))/.▓..)).....▓..
▓../))....▓....|)...▓..
▓.........▓.........▓..
▓.........▓.........▓..
▓.........▓..)).....▓..


You could see a searing wretch (distracted, ally target), a Brimstone Fiend, a
balrug, 2 hell hogs, a hellion and a friendly daeva (summoned, combustible).

Vanquished Creatures
  A tentacled starspawn (D)
  A two-headed ogre (D)
  A thrashing horror (D)
  An ugly thing (D)
  An elephant (shapeshifter) (D)
  3 toenail golems (D)
  A black mamba (shapeshifter) (D)
  A cane toad (D)
  A rime drake (shapeshifter) (D)
  A merfolk (D)
  A golden eye (shapeshifter) (D)
  2 neqoxecs (D)
  A hell hound (D)
  A black bear (shapeshifter) (D)
  A phantom (D)
  2 wights (D)
  3 crimson imps (D)
  A quasit (D)
  An iron imp (D)
  An iguana (D)
  2 white imps (D)
  An adder skeleton (D)
  3 jackals (D)
  A ball python skeleton (D)
  A ball python zombie (D)
  A jackal zombie (D)
  A quokka skeleton (D)
36 creatures vanquished.

Vanquished Creatures (collateral kills)
  A frost giant (D)
  A reaper (D)
  A stoker (D)
  5 two-headed ogres (D)
  A thrashing horror (D)
  A soul eater (D)
  A hell hog (D)
  An ugly thing (D)
  2 cyclopes (D)
  A meliai (D)
  A troll (D)
  5 merfolk (D)
  A tarantella (shapeshifter) (D)
  A neqoxec (D)
  A black bear (D)
  A wolf (D)
  A bullfrog (D)
  A necrophage (D)
  A small abomination (D)
  3 wights (D)
  A crimson imp (D)
  A quasit (D)
  An iguana (D)
  A river rat (D)
  A shadow imp (D)
  A white imp (D)
  2 adder zombies (D)
  2 bat zombies (D)
  3 starspawn tentacles (D)
44 creatures vanquished.

Vanquished Creatures (others)
  2 starspawn tentacles (D)
2 creatures vanquished.

Grand Total: 82 creatures vanquished

Notes
Turn   | Place    | Note
-------+----------+-------------------------------------------
     0 | D        | fingers the Formicid Fighter began the quest for the Orb.
     0 | D        | Reached XP level 1. HP: 18/18 MP: 1/1
     0 | D        | Found a shimmering blue altar of Sif Muna.
     0 | D        | Found a bloodstained altar of Trog.
     0 | D        | Found a sacrificial altar of Ru.
     0 | D        | Found a stormy altar of Qazlal.
     0 | D        | Found an iron altar of Okawaru.
     1 | D        | Found a sparkling altar of Nemelex Xobeh.
     1 | D        | Found a blossoming altar of Fedhas.
     1 | D        | Found the +6 Majin-Bo {spellvamp, MP+6 Int+6}
     1 | D        | Found the +27 heavy crossbow "Sniper" {heavy, Acc+∞ SInv}
     1 | D        | Found the +10 dark maul {heavy}
     1 | D        | Found the +15 Maxwell's patent armour {-Cast -Tele rElec
                  | Will+ rCorr}
     1 | D        | Found the +18 shield of the Gong {Loud rN+ Will+ rCorr
                  | EV-5}
     1 | D        | Found the +16 obsidian axe {drain, demonic, Mesm Drain Fly
                  | SInv}
     1 | D        | Found the +7 great mace "Firestarter" {flame, immolate,
                  | rFlCloud rF++}
     1 | D        | Found the +6 shillelagh "Devastator" {shatter}
     1 | D        | Found the +11 plutonium sword {Contam Stlth-}
     1 | D        | Found the +8 lance "Wyrmbane" {slay drac, rPois rF+ rC+
                  | AC+3}
     1 | D        | Found the +9 sword of Zonguldrok {reap}
     1 | D        | Found the +13 scythe of Curses {drain, curses, Drain}
     1 | D        | Found the +9 sword of Power {lifebolt}
     1 | D        | Found the +7 mace of Variability {chaos, chaos arc}
     1 | D        | Found the +11 Singing Sword {sonic wave}
     1 | D        | Found the +8 storm bow {elec, penet}
     3 | D        | Found a transporter.
     3 | D        | Found an ancient bone altar of Kikubaaqudgha.
     3 | D        | Found a viscous altar of Jiyva.
     3 | D        | Found a corrupted altar of Lugonu.
     3 | D        | Found a hazy altar of Hepliaklqana.
     3 | D        | Found a burning altar of Makhleb.
     3 | D        | Found an opulent altar of Gozag.
   126 | D        | Became a worshipper of the Shining One
   145 | D        | Entered arena 2.
   145 | D        | Found a transporter.
   155 | D        | Entered arena 3.
   155 | D        | Noticed a toenail golem
   155 | D        | Noticed a toenail golem
   155 | D        | Reached * piety under the Shining One
   155 | D        | Noticed a toenail golem
   155 | D        | Found a transporter.
   159 | D        | Killed a toenail golem
   160 | D        | Reached skill level 10 in Shields
   160 | D        | Reached XP level 2. HP: 33/33 MP: 2/2
   160 | D        | Reached XP level 3. HP: 38/38 MP: 3/3
   160 | D        | Reached XP level 4. HP: 45/45 MP: 4/4
   160 | D        | Reached XP level 5. HP: 51/51 MP: 5/5
   160 | D        | Reached XP level 6. HP: 57/57 MP: 6/6
   164 | D        | Killed a toenail golem
   165 | D        | Reached skill level 10 in Fighting
   165 | D        | Reached skill level 5 in Long Blades
   165 | D        | Reached skill level 10 in Armour
   165 | D        | Reached skill level 12 in Shields
   165 | D        | Reached XP level 7. HP: 67/67 MP: 7/7
   166 | D        | Killed a toenail golem
   167 | D        | Reached skill level 13 in Shields
   167 | D        | Reached skill level 1 in Shapeshifting
   167 | D        | Reached XP level 8. HP: 75/75 MP: 8/8
   175 | D        | Entered arena 4.
   175 | D        | Reached ** piety under the Shining One
   175 | D        | Noticed a thrashing horror
   175 | D        | Found a transporter.
   178 | D        | Reached *** piety under the Shining One
   182 | D        | Killed a thrashing horror
   183 | D        | Reached skill level 14 in Shields
   183 | D        | Reached XP level 9. HP: 82/82 MP: 9/9
   193 | D        | Got the ring "Zociduep" {Fly rF+ rCorr Int+2 Dex-5}
   196 | D        | Entered arena 5.
   196 | D        | Reached **** piety under the Shining One
   196 | D        | Found a transporter.
   200 | D        | Reached ***** piety under the Shining One
   214 | D        | Got the Omnibus of Vapourous Ice
   271 | D        | Entered arena 6.
   271 | D        | Noticed a green ugly thing
   271 | D        | Noticed a blink frog
   271 | D        | an ogre changed into a rime drake
   271 | D        | Noticed a rime drake (shapeshifter)
   271 | D        | Found a transporter.
   279 | D        | a basilisk changed into a black mamba
   279 | D        | Noticed a black mamba (shapeshifter)
   279 | D        | a blink frog changed into a warg
   284 | D        | Killed a rime drake
   284 | D        | Killed a green ugly thing
   285 | D        | Reached skill level 1 in Dodging
   285 | D        | Reached skill level 16 in Shields
   286 | D        | Killed a black mamba
   287 | D        | Reached XP level 10. HP: 33/91 MP: 10/10
   460 | D        | Got the ring of Olauracs {rN+ AC+4 Str+3 Int+4}
   470 | D        | Entered arena 7.
   470 | D        | Noticed a salamander
   470 | D        | Reached ****** piety under the Shining One
   470 | D        | Noticed a purple ugly thing
   471 | D        | a salamander changed into an elephant
   471 | D        | Noticed an elephant (shapeshifter)
   472 | D        | a hog changed into an entropy weaver
   472 | D        | Noticed an entropy weaver (shapeshifter)
   478 | D        | Gained mutation: You are weak. (Str -2) [a neqoxec]
   484 | D        | Gained mutation: You occasionally shout uncontrollably at
                  | your foes. [a neqoxec]
   485 | D        | an entropy weaver changed into a black bear
   485 | D        | Gained mutation: Your magical capacity is low. (-10% MP) [a
                  | neqoxec]
   489 | D        | Killed an elephant
   489 | D        | Gained mutation: Armour fits poorly on your strangely
                  | shaped body. [a neqoxec]
   490 | D        | Reached skill level 17 in Shields
   490 | D        | Reached skill level 1 in Invocations
   490 | D        | Found a transporter.
   491 | D        | Reached skill level 10 in Long Blades
   493 | D        | Killed a purple ugly thing
   511 | D        | Entered arena 8.
   513 | D        | Found a transporter.
   518 | D        | Reached skill level 18 in Shields
   534 | D        | Reached XP level 11. HP: 91/98 MP: 12/12
   545 | D        | Entered arena 9.
   546 | D        | Found a transporter.
   564 | D        | Entered arena 10.
   564 | D        | Found the +10 morningstar "Eos" {elec, Halo rElec}
   565 | D        | Found a transporter.
   573 | D        | Reached skill level 19 in Shields
   579 | D        | Got the Precepts of Collective Impurities
   594 | D        | Entered arena 11.
   594 | D        | Found the +10 zealot's sword {holy, Zealotry, *Rage rN+
                  | EV+3}
   595 | D        | Found a transporter.
   762 | D        | Got Egivynua's Secrets of the Dimensional Ground
  1010 | D        | Identified a +7 triple sword of holy wrath (a +5 triple
                  | sword blessed by the Shining One)
  1010 | D        | Received a gift from the Shining One
  1032 | D        | Gained mutation: You are very weak. (Str -4) [mutagenic
                  | glow]
  1034 | D        | Entered arena 12.
  1034 | D        | Noticed a cyclops
  1034 | D        | Noticed a two-headed ogre
  1034 | D        | Noticed a two-headed ogre
  1034 | D        | Noticed a two-headed ogre
  1034 | D        | Noticed a two-headed ogre
  1034 | D        | Noticed a two-headed ogre
  1034 | D        | Noticed a frost giant
  1034 | D        | Noticed a cyclops
  1036 | D        | Noticed a two-headed ogre
  1038 | D        | Found a transporter.
  1039 | D        | Killed a two-headed ogre
  1041 | D        | Killed a two-headed ogre
  1042 | D        | Reached skill level 20 in Shields
  1043 | D        | Killed a two-headed ogre
  1046 | D        | Killed a frost giant
  1047 | D        | Reached skill level 5 in Invocations
  1048 | D        | Killed a two-headed ogre
  1049 | D        | Killed a two-headed ogre
  1050 | D        | Reached skill level 1 in Stealth
  1053 | D        | Reached skill level 21 in Shields
  1053 | D        | Killed a cyclops
  1054 | D        | Killed a two-headed ogre
  1055 | D        | Reached XP level 12. HP: 14/108 MP: 3/14
  1056 | D        | Reached skill level 15 in Armour
  1316 | D        | Got the Directory of Glowing Phantasms
  1327 | D        | Entered arena 13.
  1327 | D        | Noticed a reaper
  1327 | D        | Noticed a soul eater
  1327 | D        | Noticed a tentacled starspawn
  1328 | D        | Noticed a thrashing horror
  1329 | D        | Identified the +0 tower shield of Delicate Lucidity {-Tele
                  | rElec rF+++ rC++}
  1335 | D        | Killed a soul eater
  1336 | D        | Reached skill level 1 in Evocations
  1347 | D        | Found a transporter.
  1347 | D        | Killed a reaper
  1348 | D        | Reached skill level 22 in Shields
  1348 | D        | Killed a thrashing horror
  1355 | D        | Killed a tentacled starspawn
  1379 | D        | Entered arena 14.
  1380 | D        | Noticed a searing wretch
  1380 | D        | Noticed a hell hog
  1380 | D        | Noticed a balrug
  1380 | D        | Noticed a fire giant
  1380 | D        | Noticed a hell hog
  1380 | D        | Noticed a hell hog
  1380 | D        | Noticed a Brimstone Fiend
  1380 | D        | Noticed a stoker
  1380 | D        | Noticed a salamander tyrant
  1380 | D        | Noticed a hell hog
  1382 | D        | Noticed a hell hog
  1385 | D        | Killed a hell hog
  1386 | D        | Reached skill level 23 in Shields
  1387 | D        | Killed a stoker
  1390 | D        | HP: 1/108 [balrug/fireball (8)]
  1391 | D        | Slain by a balrug

Illustrated notes

Levels and vault maps discovered:
D:        sprint_v [room_start, room_1, room_2, room_3, room_4, room_5, room_6,
          room_7, room_8, room_9, room_10, room_11, room_12, room_13, room_14,
          room_15, room_16, room_17, room_18, room_19, room_20, room_21,
          room_22, room_23, room_24, room_25, room_26, room_27]

Skill      XL: |  1  2  3  4  5  6  7  8  9 10 11 12 |
---------------+-------------------------------------+-----
Fighting       | 8 10 11 12 13 14 | 14.9
Long Blades    | 4 5 6 7 9 11 13 | 13.8
Armour         | 8 10 11 12 13 14 15 | 15.6
Shields        | 10 12 13 14 16 18 21 23 | 23.2
Shapeshifting  | 1 3 4 |  4.2
Dodging        | 1 2 3 |  3.0
Invocations    | 3 5 8 |  8.0
Stealth        | 1 |  1.8
Evocations     | 1 |  1.5

Action                     |  1- 3 |  4- 6 |  7- 9 | 10-12 || total
---------------------------+-------+-------+-------+-------++-------
  Melee: Double sword      |     3 |     5 |    19 |       ||    27
         Triple sword      |       |       |       |    26 ||    26
         Eudemon blade     |       |       |       |    34 ||    34
 Invoke: Summon Divine War |       |       |       |     3 ||     3
         Divine Shield     |       |       |       |     2 ||     2
         Brand Weapon With |       |       |       |     1 ||     1
Ability: Begin Untransform |       |       |       |     1 ||     1
  Evoke: Lightning rod     |       |       |     1 |       ||     1
         Phantom mirror    |       |       |       |     3 ||     3
         Wand              |       |       |       |     1 ||     1
    Use: Potion            |       |       |       |    17 ||    17
         Scroll            |       |       |       |     2 ||     2
 Armour: Plate armour      |     6 |     2 |    27 |   136 ||   171
  Dodge: Dodged            |       |       |     5 |    12 ||    17
  Block: Kite shield       |     8 |     9 |    60 |   226 ||   303
   Form: Beast             |     2 |       |       |       ||     2
                           |     1 |       |       |       ||     1
         Dragon            |       |       |       |     1 ||     1

Table legend: (Time is in decaauts)
 A = Elapsed time spent in this place.
 B = Non-inter-level travel time spent in this place.
 C = Inter-level travel time spent in this place.
 D = Time resting spent in this place.
 E = Time spent auto-exploring this place.
 F = Levels seen in this place.
 G = Mean time per level.
                   A        B        C        D        E       F      G
               +--------+--------+--------+--------+--------+-----+--------+
         Total |   1389 |   1384 |      5 |      0 |    867 |   1 | 1389.0 |
       Dungeon |   1389 |   1384 |      5 |      0 |    867 |   1 | 1389.0 |
               +--------+--------+--------+--------+--------+-----+--------+

Top non-repeatable levels by time:
       D: 1389 daAuts
